General information
- name: BNet
- type: Ladder team game (AT/RT)
- host: Battle.net
- saver: BEAR_AND
map: GnollWood
- players: 6
- length: 29:07
- speed: Fast
- version: 1.26 W3XP
- replay type:

» download(243 KB)
Players
team 1 (loser)
CowboyHat (
green | 51 APM | 1427 actions | 27:50)
3 Blademaster
2 Wind Walk
1 Critical Strike
2 Tauren Chieftain
1 War Stomp
1 Endurance Aura
» actions
| Basic commands | 1 | |
| Build / train | 62 | |
| Enter build submenu | 13 | |
| Enter hero's abilities submenu | 5 | |
| Give item / drop item | 1 | |
| Right click | 997 | |
| Select / deselect | 287 | |
| Use ability | 61 | |
1427 total
» units
| Peon | 7 | |
| Grunt | 4 | |
| Demolisher | 3 | |
| Troll Batrider | 15 | |
| Wind Rider | 2 | |
| Troll Witch Doctor | 6 | |
| Troll Headhunter/Berserker | 1 | |
38 total
» upgrades
| Berserker Strength | 1 | |
| Melee Weapons | 1 | |
| Armor | 1 | |
| Spirit Walker Training | 1 | |
| Liquid Fire | 1 | |
| Witch Doctor Training | 2 | |
| Berserker Upgrade | 1 | |
8 total
» buildings
| Altar of Storms | 1 | |
| Orc Burrow | 6 | |
| Voodoo Lounge | 1 | |
| Barracks | 1 | |
| Stronghold | 1 | |
| War Mill | 1 | |
| Fortress | 1 | |
| Spirit Lodge | 1 | |
| Beastiary | 2 | |
15 total
» build order
00:17 Altar of Storms
00:21 Orc Burrow
00:28 Voodoo Lounge
01:26 Barracks
01:58 Orc Burrow
03:43 Stronghold
04:38 Orc Burrow
05:36 War Mill
06:57 Fortress
07:59 Spirit Lodge
08:50 Orc Burrow
09:16 Beastiary
09:20 Beastiary
12:00 Orc Burrow
13:59 Orc Burrow
» items
| Healing Salve | 1 | |
| Lesser Clarity Potion | 1 | |
| Scroll of Speed | 1 | |
| Boots of Speed | 1 | |
| Circlet of Nobility | 1 | |
| Orb of Lightning | 1 | |
| Potion of Healing | 1 | |
7 total
fluckell (
red | 116 APM | 3084 actions | 26:32)
2 Blademaster
1 Wind Walk
1 Critical Strike
2 Tauren Chieftain
1 Endurance Aura
1 War Stomp
» actions
| Assign group hotkey | 43 | |
| Basic commands | 72 | |
| Build / train | 60 | |
| Enter build submenu | 28 | |
| Enter hero's abilities submenu | 4 | |
| Remove unit from queue | 4 | |
| Right click | 1398 | |
| Select / deselect | 387 | |
| Select group hotkey | 1017 | |
| Use ability | 71 | |
3084 total
» units
| Peon | 20 | |
| Grunt | 5 | |
| Spirit Walker | 3 | |
| Wind Rider | 4 | |
| Troll Batrider | 4 | |
36 total
» upgrades
| Melee Weapons | 2 | |
| Armor | 2 | |
| Berserker Strength | 1 | |
| Spirit Walker Training | 2 | |
| Ranged Weapons | 1 | |
| Reinforced Defenses | 1 | |
| Envenomed Spears | 1 | |
| Liquid Fire | 1 | |
11 total
» buildings
| Altar of Storms | 2 | |
| Orc Burrow | 6 | |
| Voodoo Lounge | 1 | |
| Barracks | 1 | |
| War Mill | 1 | |
| Stronghold | 1 | |
| Fortress | 1 | |
| Spirit Lodge | 1 | |
| Tauren Totem | 2 | |
| Beastiary | 2 | |
| Great Hall | 1 | |
| Watch Tower | 7 | |
26 total
» build order
00:17 Altar of Storms
00:20 Altar of Storms
00:30 Orc Burrow
01:03 Voodoo Lounge
01:45 Barracks
02:02 War Mill
02:22 Orc Burrow
03:54 Stronghold
04:12 Orc Burrow
04:55 Orc Burrow
07:38 Fortress
07:41 Spirit Lodge
10:05 Tauren Totem
10:06 Tauren Totem
10:19 Beastiary
10:24 Beastiary
11:26 Orc Burrow
14:12 Orc Burrow
16:32 Great Hall
18:08 Watch Tower
18:11 Watch Tower
18:13 Watch Tower
19:42 Watch Tower
20:24 Watch Tower
20:26 Watch Tower
20:31 Watch Tower
» items
| Healing Salve | 1 | |
| Lesser Clarity Potion | 1 | |
| Boots of Speed | 1 | |
3 total
OneLove (
purple | 77 APM | 2236 actions | 29:06)
5 Blademaster
2 Wind Walk
3 Critical Strike
» actions
| Basic commands | 6 | |
| Build / train | 102 | |
| Enter build submenu | 27 | |
| Enter hero's abilities submenu | 6 | |
| Give item / drop item | 5 | |
| Remove unit from queue | 2 | |
| Right click | 1393 | |
| Select / deselect | 489 | |
| Use ability | 206 | |
2236 total
» units
| Peon | 26 | |
| Troll Headhunter/Berserker | 24 | |
| Mud Golem | 1 | |
| Shaman | 10 | |
| Grunt | 1 | |
62 total
» upgrades
| Ranged Weapons | 1 | |
| Armor | 1 | |
| Shaman Training | 2 | |
| Reinforced Defenses | 1 | |
| Berserker Upgrade | 1 | |
6 total
» buildings
| Altar of Storms | 1 | |
| Orc Burrow | 10 | |
| War Mill | 1 | |
| Voodoo Lounge | 1 | |
| Barracks | 1 | |
| Stronghold | 1 | |
| Watch Tower | 8 | |
| Fortress | 1 | |
| Spirit Lodge | 1 | |
25 total
» build order
00:11 Altar of Storms
00:19 Orc Burrow
01:02 War Mill
01:14 Voodoo Lounge
01:45 Barracks
02:22 Orc Burrow
03:12 Orc Burrow
03:32 Orc Burrow
04:33 Orc Burrow
05:03 Orc Burrow
05:49 Orc Burrow
05:50 Stronghold
06:19 Orc Burrow
06:22 Watch Tower
06:27 Watch Tower
08:18 Fortress
08:21 Spirit Lodge
10:39 Orc Burrow
17:22 Orc Burrow
17:25 Watch Tower
17:27 Watch Tower
19:24 Watch Tower
19:27 Watch Tower
19:30 Watch Tower
20:45 Watch Tower
» items
| Healing Salve | 2 | |
| Lesser Clarity Potion | 2 | |
| Scroll of Speed | 1 | |
| Circlet of Nobility | 2 | |
| Potion of Healing | 9 | |
| Scroll of Town Portal | 3 | |
| Orb of Lightning | 1 | |
| Potion of Mana | 3 | |
| Tiny Great Hall | 1 | |
24 total
team 2 (winner)
BEAR_AND (
pink | 107 APM | 3128 actions | 29:07)
5 Demon Hunter
3 Mana Burn
2 Evasion
4 Pandaren Brewmaster
2 Breath of Fire
2 Drunken Haze
» actions
| Assign group hotkey | 7 | |
| Basic commands | 11 | |
| Build / train | 61 | |
| Enter build submenu | 19 | |
| Enter hero's abilities submenu | 9 | |
| Give item / drop item | 3 | |
| Right click | 2232 | |
| Select / deselect | 354 | |
| Select group hotkey | 250 | |
| Use ability | 182 | |
3128 total
» units
» upgrades
| Ultravision | 1 | |
| Well Spring | 1 | |
| Nature's Blessing | 1 | |
3 total
» buildings
| Altar of Elders | 1 | |
| Moon Well | 12 | |
| Ancient of Wonders | 1 | |
| Tree of Ages | 1 | |
| Tree of Eternity | 1 | |
| Tree of Life | 4 | |
| Hunter's Hall | 1 | |
21 total
» build order
00:18 Altar of Elders
00:24 Moon Well
00:47 Moon Well
02:13 Ancient of Wonders
03:01 Moon Well
03:02 Moon Well
05:31 Tree of Ages
09:17 Tree of Eternity
12:53 Tree of Life
13:14 Hunter's Hall
14:27 Moon Well
14:28 Moon Well
14:29 Moon Well
14:30 Moon Well
15:07 Moon Well
15:08 Moon Well
15:10 Moon Well
15:10 Moon Well
16:06 Tree of Life
17:27 Tree of Life
19:56 Tree of Life
» items
| Dust of Appearance | 1 | |
| Boots of Speed | 4 | |
| Staff of Teleportation | 2 | |
| Staff of Preservation | 2 | |
| Healing Salve | 2 | |
| Potion of Healing | 3 | |
| Lesser Clarity Potion | 2 | |
| Orb of Venom | 2 | |
| Potion of Mana | 1 | |
19 total
nadman (
blue | 144 APM | 4205 actions | 29:06)
5 Blademaster
2 Wind Walk
3 Critical Strike
5 Shadow Hunter
3 Hex
2 Healing Wave
» actions
| Assign group hotkey | 18 | |
| Basic commands | 68 | |
| Build / train | 78 | |
| ESC pressed | 4 | |
| Enter build submenu | 50 | |
| Enter hero's abilities submenu | 11 | |
| Right click | 2278 | |
| Select / deselect | 365 | |
| Select group hotkey | 1101 | |
| Use ability | 232 | |
4205 total
» units
| Peon | 12 | |
| Wind Rider | 7 | |
| Troll Batrider | 14 | |
33 total
» upgrades
| Ranged Weapons | 3 | |
| Armor | 2 | |
| Envenomed Spears | 1 | |
| Liquid Fire | 1 | |
| Reinforced Defenses | 1 | |
8 total
» buildings
| Altar of Storms | 1 | |
| Orc Burrow | 4 | |
| War Mill | 1 | |
| Voodoo Lounge | 4 | |
| Watch Tower | 27 | |
| Stronghold | 2 | |
| Beastiary | 3 | |
| Fortress | 2 | |
| Great Hall | 2 | |
46 total
» build order
00:12 Altar of Storms
00:18 Orc Burrow
00:37 War Mill
01:18 Voodoo Lounge
01:53 Watch Tower
02:17 Watch Tower
02:41 Watch Tower
03:37 Stronghold
03:44 Watch Tower
03:51 Orc Burrow
05:32 Watch Tower
05:35 Watch Tower
05:59 Beastiary
06:05 Beastiary
06:18 Beastiary
06:34 Orc Burrow
07:14 Voodoo Lounge
07:27 Voodoo Lounge
07:42 Watch Tower
07:50 Orc Burrow
11:29 Fortress
11:30 Fortress
15:11 Watch Tower
15:11 Watch Tower
18:29 Watch Tower
18:30 Watch Tower
20:11 Watch Tower
20:11 Watch Tower
20:17 Watch Tower
20:27 Watch Tower
21:34 Watch Tower
21:35 Watch Tower
23:10 Voodoo Lounge
23:11 Watch Tower
23:13 Watch Tower
26:00 Watch Tower
26:01 Watch Tower
26:41 Great Hall
26:43 Watch Tower
26:43 Watch Tower
26:44 Watch Tower
26:45 Watch Tower
26:52 Great Hall
27:59 Watch Tower
28:00 Watch Tower
» items
| Healing Salve | 8 | |
| Lesser Clarity Potion | 4 | |
| Boots of Speed | 2 | |
| Staff of Teleportation | 2 | |
| Scroll of Town Portal | 2 | |
| Orb of Lightning | 1 | |
| Circlet of Nobility | 1 | |
20 total
timg4strok (
yellow | 136 APM | 3947 actions | 29:06)
4 Archmage
2 Blizzard
2 Brilliance Aura
3 Mountain King
2 Storm Bolt
1 Bash
2 Blood Mage
1 Flame Strike
1 Siphon Mana
» actions
| Assign group hotkey | 7 | |
| Basic commands | 40 | |
| Build / train | 113 | |
| Enter build submenu | 66 | |
| Enter hero's abilities submenu | 9 | |
| Give item / drop item | 1 | |
| Right click | 1905 | |
| Select / deselect | 235 | |
| Select group hotkey | 1360 | |
| Use ability | 211 | |
3947 total
» units
» upgrades
| Masonry | 3 | |
| Magic Sentry | 1 | |
| Swords | 2 | |
| Armor | 2 | |
| Storm Hammers | 1 | |
| Animal War Training | 1 | |
10 total
» buildings
| Altar of Kings | 1 | |
| Lumber Mill | 1 | |
| Farm | 3 | |
| Scout Tower | 71 | |
| Arcane Tower | 4 | |
| Guard Tower | 50 | |
| Keep | 1 | |
| Arcane Sanctum | 1 | |
| Castle | 1 | |
| Arcane Vault | 1 | |
| Gryphon Aviary | 1 | |
| Blacksmith | 1 | |
| Barracks | 1 | |
| Town Hall | 1 | |
138 total
» build order
00:14 Altar of Kings
00:17 Lumber Mill
00:20 Farm
00:59 Scout Tower
01:12 Scout Tower
01:14 Scout Tower
01:19 Scout Tower
01:30 Arcane Tower
01:56 Farm
02:00 Guard Tower
02:00 Guard Tower
02:00 Guard Tower
02:02 Scout Tower
02:05 Arcane Tower
02:07 Scout Tower
02:31 Guard Tower
02:36 Scout Tower
02:38 Scout Tower
02:47 Guard Tower
02:48 Guard Tower
02:48 Guard Tower
02:50 Scout Tower
03:05 Scout Tower
03:20 Guard Tower
03:40 Guard Tower
03:41 Scout Tower
03:49 Guard Tower
03:51 Keep
03:58 Scout Tower
03:59 Scout Tower
04:43 Scout Tower
04:44 Scout Tower
04:58 Guard Tower
05:07 Guard Tower
05:09 Scout Tower
05:09 Scout Tower
05:10 Scout Tower
05:11 Scout Tower
05:17 Guard Tower
05:39 Guard Tower
05:39 Guard Tower
05:41 Guard Tower
05:41 Guard Tower
05:47 Scout Tower
05:48 Scout Tower
06:04 Guard Tower
06:04 Guard Tower
06:18 Arcane Sanctum
06:24 Castle
06:26 Guard Tower
06:48 Guard Tower
06:50 Scout Tower
06:51 Scout Tower
07:19 Guard Tower
07:23 Scout Tower
07:24 Scout Tower
07:27 Guard Tower
07:33 Scout Tower
07:36 Arcane Vault
07:41 Scout Tower
07:42 Scout Tower
07:50 Arcane Tower
07:52 Scout Tower
07:57 Scout Tower
08:23 Guard Tower
08:25 Farm
08:27 Guard Tower
09:13 Guard Tower
09:22 Scout Tower
09:22 Scout Tower
09:23 Scout Tower
09:23 Scout Tower
09:28 Scout Tower
09:28 Scout Tower
10:00 Guard Tower
10:02 Guard Tower
10:13 Gryphon Aviary
10:29 Guard Tower
10:30 Scout Tower
10:31 Scout Tower
11:12 Guard Tower
11:40 Guard Tower
11:40 Guard Tower
11:40 Guard Tower
11:45 Guard Tower
11:46 Guard Tower
11:46 Guard Tower
11:52 Guard Tower
11:53 Guard Tower
11:53 Guard Tower
11:57 Guard Tower
12:15 Scout Tower
12:16 Scout Tower
12:17 Scout Tower
12:49 Scout Tower
12:50 Scout Tower
12:50 Scout Tower
19:16 Blacksmith
19:24 Barracks
21:24 Scout Tower
21:25 Scout Tower
21:27 Scout Tower
21:27 Scout Tower
21:31 Scout Tower
21:31 Scout Tower
21:32 Scout Tower
21:33 Scout Tower
22:14 Guard Tower
22:29 Scout Tower
22:31 Scout Tower
23:11 Guard Tower
23:14 Guard Tower
23:16 Scout Tower
23:18 Scout Tower
23:23 Scout Tower
23:24 Scout Tower
23:24 Scout Tower
23:25 Scout Tower
23:25 Scout Tower
23:25 Scout Tower
23:33 Arcane Tower
23:35 Scout Tower
26:00 Guard Tower
26:02 Scout Tower
26:03 Scout Tower
26:04 Scout Tower
26:05 Scout Tower
26:19 Guard Tower
26:38 Guard Tower
27:02 Town Hall
28:24 Scout Tower
28:25 Scout Tower
28:25 Scout Tower
28:26 Scout Tower
» items
| Staff of Teleportation | 3 | |
| Boots of Speed | 5 | |
| Dust of Appearance | 1 | |
| Scroll of Regeneration | 1 | |
| Staff of Sanctuary | 3 | |
| Orb of Lightning | 2 | |
| Lesser Clarity Potion | 1 | |
16 total
Chat log
(00:02 / All) BEAR_AND: please
(00:03 / All) BEAR_AND: pizza here
(00:05 / All) nadman: pizza is good
(00:08 / All) timg4strok: u ever get "HOT DOG PIZZA"
(10:43 / All) OneLove: gold
(10:45 / All) OneLove: lumber
(10:47 / All) BEAR_AND: ok
(10:49 / All) BEAR_AND: how
(17:13 / All) CowboyHat: LOL
(24:19 / All) BEAR_AND: bye
(24:20 / All) BEAR_AND: gg
(24:22 / All) BEAR_AND: kill a tower
(25:37 / All) BEAR_AND: lol!
(26:10 / All) fluckell: super boring game
(26:14 / All) BEAR_AND: for u maybe
(26:27 / All) fluckell: slow as fuck
(26:27 / All) CowboyHat: lol this is pathetic
(26:30 / All) BEAR_AND: i agree
(26:38 / All) BEAR_AND: quit now
(26:40 / All) BEAR_AND: shitbits
(26:42 / All) OneLove: Super cool strat fellas
(26:44 / All) BEAR_AND: i agree
(26:45 / All) OneLove: I love games like that
(26:49 / All) timg4strok: picks 3 orc
(26:51 / All) OneLove: But no need to be rude homey
(26:52 / All) timg4strok: goes 3 blademasters
(26:57 / All) timg4strok: "nice strat fags"
(27:06 / All) CowboyHat: smh
(27:10 / All) BEAR_AND: are you black
(27:12 / All) BEAR_AND: "smh"???
(27:23 / All) CowboyHat: you slow?
(27:31 / All) OneLove: haha
(27:35 / All) OneLove: That shit is fucking nasty
(27:39 / All) OneLove: They just tp in and out
(27:42 / All) OneLove: pretty fucking legit strat
(27:44 / All) BEAR_AND: i agree
(27:53 / All) BEAR_AND: you too
(27:54 / All) OneLove: Are you all int he same house
(27:55 / All) BEAR_AND: shitbit birdnoob
(27:55 / All) OneLove: lol
(27:55 / All) BEAR_AND: yes
(27:56 / All) nadman: :D
(27:58 / All) BEAR_AND: pizza etc
(28:04 / All) OneLove: Haha
(28:08 / All) timg4strok: the white house........
(28:15 / All) OneLove: Way to funny
(28:18 / All) BEAR_AND: "too"
(28:19 / All) OneLove: GG fellas
(28:22 / All) OneLove: Yea
(28:24 / All) BEAR_AND: http://highper.ch/
(28:24 / All) nadman: G___G
(28:26 / All) BEAR_AND: more replays of us
(28:29 / All) BEAR_AND: The Tower House
(28:40 / All) OneLove: Good sutff